 Dungeon Crawl Stone Soup version 0.30-a0-424-g7412bad402 (webtiles) character file.

Game seed: 17978493484544332348

133 PyroL the Grave Robber (level 4, -5/30 HPs)
             Began as a Demonspawn Necromancer on Dec 9, 2022.
             Slain by Grinder (6 damage)
             ... on level 3 of the Dungeon.
             The game lasted 00:06:07 (2768 turns).

PyroL the Grave Robber (Demonspawn Necromancer)     Turns: 2768, Time: 00:06:07

Health: -5/30      AC: 10    Str:  8    XL:     4   Next: 93%
Magic:  9/9        EV: 12    Int: 18    God:
Gold:   123        SH:  0    Dex: 14    Spells: 2/10 levels left

rFire   . . .      SeeInvis .    l - +1 short sword (speed)
rCold   . . .      Faith    .    (no shield)
rNeg    . . .      Spirit   .    g - +0 robe {Archmagi}
rPois   .          Reflect  .    i - +2 hat
rElec   .          Harm     .    r - +0 cloak
rCorr   .          Rampage  .    o - +0 pair of gloves
Will    .....      Archmagi +    (no boots)
Stlth   ++........               (no amulet)
HPRegen 0.25/turn                d - +4 ring of protection
MPRegen 0.11/turn                (no ring)

@: flying
A: demonic guardian 1
a: no special abilities


You were on level 3 of the Dungeon.
You visited 1 branch of the dungeon, and saw 3 of its levels.

You collected 123 gold pieces.

Inventory:

Hand Weapons
 l - a +1 short sword of speed (weapon)
Armour
 g - a +0 robe of the Archmagi (worn)
 i - a +2 hat (worn)
 o - a +0 pair of gloves (worn)
 r - a +0 cloak (worn)
Jewellery
 d - a +4 ring of protection (left hand)
Wands
 t - a wand of digging (6)
Scrolls
 a - 2 scrolls of identify {unknown}
 c - a scroll of teleportation {unknown}
 e - a scroll of brand weapon {unknown}
 f - a scroll of magic mapping {unknown}
 h - a scroll of noise {unknown}
 j - 2 scrolls of enchant weapon {unknown}
 s - a scroll of vulnerability {unknown}
 u - a scroll of poison {unknown}
Potions
 b - a potion of magic
 m - a potion of lignification {unknown}
 n - a potion of invisibility {unknown}
 p - a potion of brilliance {unknown}
 q - a potion of berserk rage {unknown}


   Skills:
 - Level 1.7 Dodging
 - Level 1.7 Stealth
 + Level 3.6 Spellcasting
 + Level 5.8 Necromancy


You had 2 spell levels left.
You knew the following spells:

 Your Spells              Type           Power      Damage    Failure   Level
a - Necrotise             Necr           100%       1d9       1%          1
b - Vampiric Draining     Necr           36%        2d8       4%          3
c - Animate Dead          Necr           36%        N/A       14%         4

Your spell library contained the following spells:

 Spells                   Type           Power      Damage    Failure   Level
 Agony                    Necr           36%        N/A       36%         5
 Inner Flame              Hex/Fire       4%         N/A       43%         3
 Flame Wave               Conj/Fire      4%         2d5       83%         4
 Sticky Flame             Conj/Fire      4%         2d3       83%         4


Dungeon Overview and Level Annotations

Branches:
Dungeon (3/15)

Altars:

Annotations:
D:3 Grinder, Sigmund


Innate Abilities, Weirdness & Mutations

A weak demonic guardian rushes to your aid.


Message History

* * * LOW HITPOINT WARNING * * *
You hit Grinder.
Grinder is lightly wounded.
Grinder says, "Mostly I couldn't keep them alive."
Grinder hits you.
* * * LOW HITPOINT WARNING * * *
Unknown command.
You hit Grinder but do no damage.
Grinder is lightly wounded.
Your shadow imp misses Grinder.
Grinder hits you but does no damage.
Unknown command.
You hit Grinder but do no damage.
Grinder is lightly wounded.
Your shadow imp closely misses Grinder.
Unknown command.
You hit Grinder.
Grinder is lightly wounded.
Grinder barely misses you.
You closely miss Grinder.
Grinder is lightly wounded.
Your shadow imp completely misses Grinder.
Grinder hits you.
* * * LOW HITPOINT WARNING * * *
You writhe in agony.
* * * LOW HITPOINT WARNING * * *
You hit Grinder but do no damage.
Grinder is lightly wounded.
Your shadow imp closely misses Grinder.
Unknown command.
It was a potion of flight.
You feel very buoyant.
You fly up into the air.
Grinder says, "Make like a tree!"
Grinder hits you but does no damage.
Your shadow imp hits Grinder.
You hit Grinder but do no damage.
Grinder is lightly wounded.
Grinder hits you!
* * * LOW HITPOINT WARNING * * *
You writhe in agony.
You die...

.. ########....#... #.
#.....##.#..#..# #. ###.
#.....##.#...... #.#....
#..........##.## #.#.#..
##.....##......# #......
#......####.#### ...
#.##.##.#.# #.# #..
#.#)##.#.# #># #####.##
##@....#.# #.#
#......###.#5####)####.##
#.###.#.#....5..........####
#.# #....#.....##.####..##..
#.###.####..................
#.....# #.....##....#..#...
###.### #..............#.##
#.# ######.#.......#.# #.#
#.##.....##.#


You could see Grinder (ally target) and a friendly shadow imp (summoned).

Vanquished Creatures
  Crazy Yiuf (D:3)
  Ijyb (D:3)
  3 gnolls (D:3)
  5 ball pythons
  3 bats (D:2)
  3 endoplasms
  A giant cockroach (D:2)
  4 goblins
  5 hobgoblins
  7 jackals
  2 quokkas
  3 frilled lizards (D:1)
  5 kobolds
  7 rats
50 creatures vanquished.

Vanquished Creatures (collateral kills)
  A ball python (D:1)
1 creature vanquished.

Grand Total: 51 creatures vanquished

Notes
Turn   | Place    | Note
-------+----------+-------------------------------------------
     0 | D:1      | PyroL the Demonspawn Necromancer began the quest for the
                  | Orb.
     0 | D:1      | Reached XP level 1. HP: 13/13 MP: 3/3
   289 | D:1      | Gained mutation: A weak demonic guardian rushes to your
                  | aid. [demonic ancestry]
   289 | D:1      | Reached XP level 2. HP: 16/19 MP: 0/5
  1076 | D:2      | Reached skill level 5 in Necromancy
  1141 | D:2      | Reached XP level 3. HP: 24/24 MP: 5/7
  1147 | D:2      | Learned a level 3 spell: Vampiric Draining
  1960 | D:3      | Noticed Sigmund
  2000 | D:3      | Reached XP level 4. HP: 26/30 MP: 1/8
  2143 | D:3      | Noticed Grinder
  2343 | D:3      | Found a runed translucent door.
  2344 | D:3      | Noticed Crazy Yiuf
  2352 | D:3      | Learned a level 4 spell: Animate Dead
  2354 | D:3      | Killed Crazy Yiuf
  2490 | D:3      | Noticed Ijyb
  2496 | D:3      | Killed Ijyb
  2749 | D:3      | Paralysed by Grinder for 2 turns
  2768 | D:3      | HP: 1/30 [Grinder (7)]
  2768 | D:3      | Slain by Grinder

Illustrated notes

Levels and vault maps discovered:
D:1:      dpeg_arrival_arbitrary_a, layout_basic
D:2:      layout_basic, nicolae_figureground_pulse
D:3:      layout_loops_cross, uniq_sigmund, uniq_ijyb, uniq_crazy_yiuf_cottage,
          uniq_grinder

Skill      XL: |  1  2  3 |
---------------+----------+-----
Necromancy     | 5 |  5.8
Spellcasting   | 3 |  3.6
Dodging        | |  1.7
Stealth        | |  1.7

Action                   |  1- 3 |  4- 6 || total
-------------------------+-------+-------++-------
Melee: Unarmed           |    41 |       ||    41
       Dagger            |     8 |       ||     8
       Short sword       |    55 |    30 ||    85
       Punch             |     2 |       ||     2
Throw: Stone             |     2 |       ||     2
 Cast: Necrotise         |    41 |       ||    41
       Vampiric Draining |     3 |     5 ||     8
  Use: Potion            |       |     1 ||     1
 Stab: Distracted        |     1 |       ||     1
       Sleeping          |     3 |     1 ||     4
Armor: Robe              |    33 |     8 ||    41
Dodge: Dodged            |    77 |    11 ||    88
Block: Kite shield       |     2 |       ||     2

Table legend: (Time is in decaauts)
 A = Elapsed time spent in this place.
 B = Non-inter-level travel time spent in this place.
 C = Inter-level travel time spent in this place.
 D = Time resting spent in this place.
 E = Time spent auto-exploring this place.
 F = Levels seen in this place.
 G = Mean time per level.
                   A        B        C        D        E       F      G
               +--------+--------+--------+--------+--------+-----+--------+
         Total |   2739 |   2669 |     70 |    330 |   1876 |   3 |  913.0 |
       Dungeon |   2739 |   2669 |     70 |    330 |   1876 |   3 |  913.0 |
               +--------+--------+--------+--------+--------+-----+--------+

Top non-repeatable levels by time:
     D:1: 1050 daAuts
     D:2: 940 daAuts
     D:3: 748 daAuts
